 Dungeon Crawl Stone Soup version bcrawl-1.17.3 (webtiles) character file.

Game seed: 12803564293613209500

2541 Freyura the Schismatic (level 9, -2/69 HPs)
             Began as a Demonspawn Abyssal Knight on Oct 30, 2019.
             Was an Elder of Lugonu.
             Slain by a wolf (10 damage)
             ... led by Grum
             ... on level 7 of the Dungeon.
             The game lasted 00:20:58 (6970 turns).

Freyura the Schismatic (Demonspawn Abyssal Knight)  Turns: 6970, Time: 00:20:58

Health: -2/69      AC: 11    Str: 12    XL:     9   Next: 30%
Magic:  14/14      EV: 10    Int: 14    God:    Lugonu [****..]
Gold:   584        SH:  7    Dex: 16    Spells: 8/8 levels left

rFire    + + .     SeeInvis .   y - +0 morningstar
rCold    . . .     Gourm    .   F - +0 shield {rF+}
rNeg     . . .     Faith    .   j - +0 ring mail
rPois    .         Spirit   .   (no helmet)
rElec    .         Reflect  .   z - +0 cloak {MR+}
rCorr    .         Harm     .   x - +0 pair of gloves
MR       +....                  h - +0 pair of boots (curse)
Stlth    +.........             d - amulet of magic regeneration
HPRegen  0.21/turn              p - ring of protection from fire
MPRegen  0.39/turn              l - +4 ring of slaying

@: no status effects
A: hooves 1, iridescent scales 1, demonic guardian 1, rot immunity
a: Depart the Abyss, Bend Space, Banish, Corrupt, Renounce Religion


You were on level 7 of the Dungeon.
You worshipped Lugonu.
Lugonu was greatly pleased with you.
You were not hungry.

You visited 1 branch of the dungeon, and saw 8 of its levels.
You visited the Abyss 1 time.

You collected 584 gold pieces.

Inventory:

Hand Weapons
 a - a +1 mace
 y - a +0 morningstar (weapon)
Armour
 h - a cursed +0 pair of boots (worn)
 j - a +0 ring mail (worn)
 x - a +0 pair of gloves (worn)
 z - a +0 cloak of magic resistance (worn)
 A - a +0 chain mail
 F - a +0 shield of fire resistance (worn)
Jewellery
 d - an amulet of magic regeneration (around neck)
 l - a +4 ring of slaying (right hand)
 m - an uncursed ring of protection from magic
 p - a ring of protection from fire (left hand)
 D - a cursed -3 ring of protection {unknown}
 E - an uncursed ring of flight {unknown}
Wands
 s - a wand of flame (26)
 G - a wand of polymorph (10)
Scrolls
 e - 6 scrolls of teleportation {unknown}
 g - a scroll of blinking {unknown}
 i - 8 scrolls of identify
 q - 5 scrolls of remove curse {unknown}
 r - a scroll of enchant armour {unknown}
 v - 2 scrolls of fear {unknown}
 B - a scroll of silence {unknown}
Potions
 b - a potion of degeneration {unknown}
 f - 2 potions of heal wounds
 k - 2 potions of magic
 n - a potion of curing
 o - a potion of brilliance
 t - a potion of cancellation
 u - a potion of agility {unknown}
 w - a potion of haste
 C - a potion of flight {unknown}
Comestibles
 c - 6 rations {!d}


   Skills:
 + Level 5.9 Fighting
 * Level 6.9 Maces & Flails
 + Level 4.9 Armour
 + Level 4.6 Dodging
 + Level 0.5 Shields
 + Level 7.2 Invocations


You had 8 spell levels left.
You didn't know any spells.
Your spell library was empty.

Dungeon Overview and Level Annotations

Branches:
Dungeon (8/12)             Temple (0/1) D:6            Lair (0/6) D:8
    Orc: D:8-11

Altars:
Cheibriados
Dithmenos
Hepliaklqana
Makhleb
Sif Muna
Uskayaw
The Shining One

Shops:
D:7 [}*%[

Annotations:
D:8 Grum


Innate Abilities, Weirdness & Mutations

You have large cloven feet.
You are partially covered in iridescent scales. (AC +2)
A weak demonic guardian rushes to your aid.
You are immune to rotting.


Message History

You puncture the wolf!
The wolf is heavily wounded.
The wolf misses you. You block the wolf's attack.
The wolf bites you but does no damage.
The death yak gores you but does no damage.
The wolf bites you. The wolf bites you but does no damage.
You closely miss the wolf.
The wolf is heavily wounded.
The wolf bites you but does no damage. The wolf bites you.
The death yak closely misses you. You block the wolf's attack.
The wolf bites you. The death yak gores you!!
* * * LOW HITPOINT WARNING * * *
You hit the wolf.
The wolf is heavily wounded.
The wolf closely misses you. The wolf bites you.
* * * LOW HITPOINT WARNING * * *
The wolf bites you.
* * * LOW HITPOINT WARNING * * *
The wolf bites you!
You die...

...PPP..##...# #....# #....
#..P∩P..##...# #....# #.###
##...P..##...# #....# #.# #
##......##...# #....#####.###
##........####### #........#)#).
##.######.#.....# #........#.#.#
##.#......#.....# ###......#.#.#
##.#.######.....######......))#.#
...............h@h............#..
.#.####.###.....#Y............###
.#.........................P..#
..#####.#########.....###..∩..#
#.##....#########.....# #.PPP.#
#..#..............##### #.....#
##.#..............# #######
#..###...........#
###.##............#


You could see a death yak and 2 wolves.

Vanquished Creatures
  Pikel (D:5)
  Grinder (D:3)
  4 sky beasts
  3 centaurs
  A bullfrog (D:7)
  A scorpion (D:5)
  3 wights (D:6)
  2 crimson imps
  2 orc priests (D:4)
  4 hounds
  2 jellies (D:7)
  A bullfrog skeleton (D:5)
  An iguana (D:5)
  4 orc wizards
  6 worker ants
  3 worker ant zombies
  8 adders
  A shadow imp (D:7)
  An ooze (D:2)
  6 worms
  2 dart slugs (D:2)
  6 leopard geckos
  14 orcs
  8 bats
  2 giant cockroaches (D:1)
  4 goblins
  6 hobgoblins
  7 jackals
  4 quokkas
  2 ball pythons
  4 frilled lizards
  5 kobolds
  3 rats
122 creatures vanquished.

Vanquished Creatures (collateral kills)
  A hippogriff (D:7)
  2 ogres
  A bullfrog (D:6)
  A hound (D:4)
  An orc wizard (D:4)
  3 adders
  A leopard gecko (D:3)
  2 orcs (D:4)
12 creatures vanquished.

Vanquished Creatures (others)
  A crimson imp (D:5)
  A bullfrog skeleton (D:5)
  An orc priest (D:5)
  2 orcs (D:5)
5 creatures vanquished.

Grand Total: 139 creatures vanquished

Notes
Turn   | Place    | Note
-------+----------+-------------------------------------------
     0 | Abyss:1  | Freyura the Demonspawn Abyssal Knight began the quest for
                  | the Orb.
     0 | Abyss:1  | Reached XP level 1. HP: 18/18 MP: 2/2
    17 | D:1      | Escaped the Abyss
   106 | D:1      | Reached skill level 1 in Dodging
   209 | D:1      | Gained mutation: A weak demonic guardian rushes to your
                  | aid. [demonic ancestry]
   209 | D:1      | Reached XP level 2. HP: 24/24 MP: 4/4
   368 | D:1      | Reached skill level 3 in Invocations
   860 | D:2      | Gained mutation: You have large cloven feet. [demonic
                  | ancestry]
   860 | D:2      | Reached XP level 3. HP: 14/29 MP: 5/5
  1037 | D:2      | Reached ** piety under Lugonu
  1633 | D:3      | Reached XP level 4. HP: 27/35 MP: 6/6
  1694 | D:3      | Found a shadowy altar of Dithmenos.
  1801 | D:3      | Noticed Grinder
  1814 | D:3      | Paralysed by Grinder for 4 turns
  1826 | D:3      | Killed Grinder
  1826 | D:3      | Reached skill level 4 in Invocations
  1826 | D:3      | Reached XP level 5. HP: 16/42 MP: 6/8
  2021 | D:3      | Found a burning altar of Makhleb.
  2557 | D:3      | Gained mutation: You are immune to rotting. [demonic
                  | ancestry]
  2557 | D:3      | Reached XP level 6. HP: 45/48 MP: 9/9
  2731 | D:3      | Found a snail-covered altar of Cheibriados.
  3165 | D:4      | Noticed a sky beast
  3184 | D:4      | Killed a sky beast
  3439 | D:4      | Reached *** piety under Lugonu
  3439 | D:4      | Reached XP level 7. HP: 54/54 MP: 10/10
  4129 | D:4      | Reached skill level 5 in Invocations
  4594 | D:5      | Entered Level 5 of the Dungeon
  4594 | D:5      | Noticed Pikel
  4616 | D:5      | Killed Pikel
  4616 | D:5      | Reached skill level 5 in Maces & Flails
  4616 | D:5      | Reached XP level 8. HP: 28/61 MP: 10/12
  4921 | D:5      | Reached skill level 5 in Fighting
  4947 | D:5      | Reached skill level 6 in Invocations
  5362 | D:5      | Found a glowing golden altar of the Shining One.
  5363 | D:5      | Found a hazy altar of Hepliaklqana.
  5517 | D:6      | Found a hide-covered altar of Uskayaw.
  5517 | D:6      | Noticed a +0 dagger
  5517 | D:6      | Noticed a +0 hand axe
  5605 | D:6      | Found a staircase to the Ecumenical Temple.
  5610 | D:6      | Found a shimmering blue altar of Sif Muna.
  6057 | D:6      | Gained mutation: You are partially covered in iridescent
                  | scales. (AC +2) [demonic ancestry]
  6057 | D:6      | Reached XP level 9. HP: 62/68 MP: 14/14
  6145 | D:7      | Found Eqeutoq's Antique Armour Shop.
  6160 | D:7      | Reached **** piety under Lugonu
  6289 | D:7      | Reached skill level 7 in Invocations
  6305 | D:7      | Found Beilif's Gadget Emporium.
  6305 | D:7      | Found Fonet's Food Shop.
  6493 | D:7      | Found Jorchioxe's Assorted Antiques.
  6510 | D:7      | Received a gift from Lugonu
  6723 | D:7      | Found Loqus's Antique Armour Boutique.
  6728 | D:7      | Found a sand-covered staircase.
  6960 | D:8      | Found a staircase to the Lair.
  6960 | D:8      | Noticed a death yak
  6960 | D:8      | Noticed a death yak
  6962 | D:8      | Noticed Grum
  6964 | D:8      | Noticed a death yak
  6970 | D:7      | Slain by a wolf

Skill      XL: |  1  2  3  4  5  6  7  8  9 |
---------------+----------------------------+-----
Dodging        | 1 2 3 4 |  4.6
Maces & Flails | 2 3 4 5 6 |  6.9
Invocations    | 3 4 5 6 7 |  7.2
Armour         | 2 3 4 |  4.9
Fighting       | 4 5 |  5.9
Shields        | |  0.5

Action                   |  1- 3 |  4- 6 |  7- 9 || total
-------------------------+-------+-------+-------++-------
Melee: Mace              |   110 |   157 |    75 ||   342
       Unarmed           |       |       |    19 ||    19
       Morningstar       |       |       |   164 ||   164
  Use: Scroll            |       |     7 |     1 ||     8
 Stab: Distracted        |       |       |     2 ||     2
  Eat: Chunk             |     2 |     6 |    12 ||    20
Armor: Leather armour    |     9 |       |       ||     9
       Ring mail         |    42 |    84 |   106 ||   232
Dodge: Dodged            |    70 |   109 |   167 ||   346
Block: Shield            |       |       |     5 ||     5
